[Event "93rd German Championship 2022"]
[Site "Magdeburg"]
[Date "2022.08.16"]
[Round "3.11"]
[White "Florstedt, Johannes"]
[Black "Kunin, Vitaly"]
[Result "1/2-1/2"]
[ECO "C41"]
[WhiteElo "2368"]
[BlackElo "2528"]
[Annotator "TA"]
[PlyCount "130"]
[EventDate "2022.08.14"]
[EventType "swiss"]
[EventCountry "GER"]
[SourceTitle "playchess.com"]
[Source "ChessBase"]
[SourceQuality "1"]
[TimeControl "40/5400+30:1800+30"]

1. e4 d6 2. d4 Nf6 3. Nc3 e5 4. Nf3 Nbd7 5. Rg1 g6 6. Be3 {[%emt 0:04:10] C41: Philidor Defence.} Bg7 7. dxe5 dxe5 8. g4 {[%emt 0:00:11][%cal Bg2g4,Bg4g5][%mdl 32] White is slightly better.} O-O 9. Qd2 Nb6 {[%emt 0:07:28] [#]} 10. g5 $146 (10. Nxe5 {[#]} Nxe4 $1 11. Nxe4 Qxd2+ 12. Bxd2 Bxe5 $11) ({Predecessor:} 10. h3 Qxd2+ 11. Nxd2 Be6 12. a4 c6 13. a5 Nbd7 14. Bc4 Rfe8 15. Bxe6 Rxe6 16. Nb3 {1-0 (31) Fedoseev,V (2690)-Kadric,D (2469) Dubai 2021}) 10... Qxd2+ 11. Nxd2 Nh5 12. Nb5 $36 {[%emt 0:02:56][%mdl 2048] White fights for an advantage.} Bd7 $1 13. a4 Bxb5 14. axb5 Nf4 15. Nb3 Nc8 16. Nc5 Nd6 17. f3 (17. h4 {is more complex.} b6 18. Na6 Nxe4 19. Nxc7 Rad8 20. Rxa7 Rd7 21. Bxb6 Rfd8 22. Ra1) 17... Rfd8 18. c3 Kf8 (18... h6 $142) 19. Bxf4 exf4 20. Rg4 h6 21. Rxf4 {[%emt 0:06:02] White is more active.} ({White should try} 21. h4 $16) 21... hxg5 $11 22. Ne6+ (22. Rg4 $5 ) 22... Ke7 $1 23. Nxg5 Rh8 24. h4 Be5 25. Rg4 f5 26. exf5 gxf5 27. Rga4 Bg3+ 28. Kd1 Bxh4 29. Nh3 Bg3 30. Rxa7 Rad8 31. Kc2 f4 (31... Rh5 $11) 32. R1a4 (32. R7a4 $14 {deserves consideration.}) 32... Rh4 (32... Bf2 $5) 33. Kb3 Rg8 34. Rd4 (34. R7a5 $14) 34... Rgh8 $1 35. Ng5 {[%emt 0:01:04] Ne4 is the strong threat.} Bf2 36. Rxd6 {[%emt 0:00:43] Strongly threatening Re6+.} Bxa7 (36... cxd6 $2 37. Rxb7+ Kd8 38. b6 Bxb6 39. Nf7+ Kc8 40. Nxd6+ Kd8 41. Nf7+ Kc8 42. Nd6+ Kd8 43. Nf7+ Kc8 44. Rxb6 $18) 37. Re6+ Kd7 38. Rg6 Kc8 39. Bd3 Kb8 40. Rg7 Bb6 41. Rf7 Rd8 42. Kc4 Re8 43. Ne4 Be3 44. Nf6 Rd8 45. Nd5 Rh5 46. Be4 c6 47. bxc6 b5+ {[%emt 0:00:00][%mdl 64] [#] Decoy} 48. Kxb5 {[%emt 0:00:00] Threatening mate with c7+.} Rdxd5+ 49. Bxd5 Rxd5+ {[%emt 0:00:00][%mdl 4096] Endgame KRB-KR} 50. Kb4 Rd2 51. b3 Rd5 52. Rh7 Rc5 53. Rh6 ({Reject} 53. Rb7+ Kc8 54. Rh7 Rxc6 $17) 53... Kc7 54. c4 Rg5 55. Kc3 {[%emt 0:00:49] The position is equal.} Rg3 56. Kb4 Kb6 57. Ka4 $1 Rxf3 58. b4 Rg3 59. c5+ Kc7 60. Kb5 {[%emt 0:00:09] Hoping for Rh7+.} Rg7 {[%emt 0:04:31] Inhibits Rh7. aiming for ...Rf7.} 61. Rf6 {[%emt 0:00:13] Against Rf7} Bd2 62. Kc4 Rg4 {[%emt 0:01:25] ( -> ...f3+)} 63. Rf7+ Kc8 {[%emt 0:00:17] White must now prevent ...f3+.} 64. Rf8+ Kc7 {[%emt 0:00:06] Threatens to win with ...f3+.} 65. Rf7+ Kc8 {[%emt 0:00:12] Weighted Error Value: White=0.07 (flawless) /Black=0.07 (flawless)} 1/2-1/2

[Event "93rd German Championship 2022"]
[Site "Magdeburg"]
[Date "2022.08.16"]
[Round "3.22"]
[White "Eichstaedt, Mirko"]
[Black "Farokhi, Keyvan"]
[Result "1-0"]
[ECO "E06"]
[WhiteElo "2223"]
[BlackElo "2332"]
[Annotator "TA"]
[PlyCount "89"]
[EventDate "2022.08.14"]
[EventType "swiss"]
[EventCountry "GER"]
[SourceTitle "playchess.com"]
[Source "ChessBase"]
[SourceQuality "1"]
[TimeControl "40/5400+30:1800+30"]

1. d4 d5 2. Nf3 Nf6 3. c4 e6 4. g3 Be7 5. Bg2 O-O 6. Nc3 c6 7. Qb3 a5 {[%cal Oa5a4] E06: Closed Catalan: Early deviations.} 8. cxd5 exd5 9. O-O Nbd7 {[%cal Bb8d7,Bd7f8,Bf8e6,Be6c7,Bc7d5,Bd5b4][%mdl 32] The position is equal.} 10. Bf4 {[#]} b5 $146 ({Predecessor:} 10... Re8 11. Rac1 Nf8 12. Ne5 Ne6 13. Be3 h5 14. Nf3 Ng4 15. Bd2 h4 16. Rfe1 hxg3 17. hxg3 {0-1 (61) Rice,P (2187)-Dixon,D (2311) ICCF email 2015}) 11. Qc2 Ba6 12. Rfe1 Re8 13. a3 Nf8 14. Ne5 Rc8 15. e4 Ne6 16. Be3 Bd6 17. Nxc6 {White is more active.} Rxc6 18. exd5 Rxc3 19. bxc3 Nc7 20. a4 Ncxd5 21. axb5 Bxb5 22. c4 Nb4 23. Qb3 Ba6 24. Bd2 Rxe1+ 25. Bxe1 {[#] Threatens to win with c5.} Bf8 26. Bc3 Bc8 (26... h5 $11 {keeps the balance.}) 27. Qa4 $16 Qc7 {[%mdl 8192] This costs Black the game.} (27... Qe7 $14) 28. Qxa5 $18 ({Less strong is} 28. c5 Nbd5 29. Bxa5 Qb8 $16) 28... Qxc4 29. Bxb4 Bxb4 (29... Qxb4 30. Qxb4 Bxb4) 30. Qd8+ Bf8 31. Ra8 Ng4 32. Qxc8 (32. Rxc8 $142 Qb4 33. Bf1) 32... Qxc8 33. Rxc8 {[%mdl 4096] Endgame KRB-KBN} g6 34. Bd5 Nf6 35. Bc6 Kg7 36. f3 Ng8 37. Rc7 Bb4 38. Kf2 Ne7 39. Ke3 Kf6 40. Be4 Ke6 41. Rb7 Bd6 (41... Ba5 $142 42. Ra7 Bd8) 42. d5+ Kf6 43. Rb6 Nf5+ 44. Bxf5 Ke5 {[#]} 45. Rxd6 $1 {Weighted Error Value: White=0.16 (very precise) /Black=0.59} 1-0

[Event "93rd German Championship 2022"]
[Site "Magdeburg"]
[Date "2022.08.16"]
[Round "4.1"]
[White "Carlstedt, Jonathan"]
[Black "Schulz, Lukas"]
[Result "1/2-1/2"]
[ECO "E77"]
[WhiteElo "2439"]
[BlackElo "2271"]
[Annotator "TA"]
[PlyCount "80"]
[EventDate "2022.08.14"]
[EventType "swiss"]
[EventCountry "GER"]
[SourceTitle "playchess.com"]
[Source "ChessBase"]
[SourceQuality "1"]
[TimeControl "40/5400+30:1800+30"]

1. d4 Nf6 2. c4 g6 3. Nc3 Bg7 4. e4 d6 5. f4 O-O 6. Nf3 c5 7. d5 e6 8. Be2 b5 {[%emt 0:10:48] E77: King's Indian: Four Pawns Attack: 6 Be2 incl 6...c5 7 d5 e6 8 Nf3, but not Benoni.} (8... exd5 $11 9. exd5 (9. cxd5 Re8 $11) 9... Na6) 9. dxe6 $14 (9. Nxb5 Nxe4 10. Qd3 f5 $15) 9... Bxe6 10. cxb5 a6 {[%emt 0:00:34] White is better.} 11. bxa6 Nxa6 12. O-O {[%emt 0:00:36] [#]} Qb6 $146 ({Better is} 12... Nb4 $14) ({Predecessor:} 12... Nb4 13. Ng5 Bxa2 14. Nxa2 Nxa2 15. Bf3 Ra7 16. Be3 Qe7 17. Qb3 h6 18. Nh3 Nb4 19. Rxa7 Qxa7 20. Qxb4 {1-0 (28) Galvanek,L (2139)-Kostelny,J (2220) Slovakia 2009}) 13. Kh1 (13. Ng5 $16) 13... Nb4 14. a3 Nc6 15. f5 $1 ({Don't blunder} 15. Qxd6 $2 Rfd8 16. Qxd8+ Rxd8 $19) 15... Bb3 16. Qxd6 Rad8 17. Qf4 (17. Qg3 $5 ) 17... Rfe8 (17... Nd4 $142) 18. fxg6 hxg6 19. a4 (19. Bb5 $142) 19... Nd4 $16 20. Bb5 Nxb5 21. axb5 {[%emt 0:00:14] Black must now prevent Ra6.} Bc4 {[%emt 0:00:21][%csl LRb5,LRf1] aiming for ...Nh5. This bishop pair is nice.} 22. Re1 $1 {[%emt 0:01:04] Hoping for Ra6.} Bxb5 23. Qh4 {[%emt 0:01:32] Threatens to win with Bg5.} Rd7 24. Bg5 Bd3 (24... Nh7 $1 $14) 25. Nd5 (25. Na4 $16 Qc6 26. Nxc5 $1 Qxc5 27. Bxf6) 25... Nxd5 $11 26. exd5 Rxe1+ (26... Rc8 $1 $11) 27. Rxe1 $18 {[%emt 0:00:33] White wants to mate with Re8+. Chess con chili.} ({Stronger than} 27. Nxe1 Ba6 $11) 27... f6 $2 (27... Qb8) 28. Bc1 $2 (28. Re8+ $18 Kf7 29. Re6 (29. Qe1 Qd6 $11) 29... Qxb2 {[#]} 30. Bxf6 $1 Bxf6 31. Qh7+ Bg7 32. Ne5+ Qxe5 33. Rxe5) 28... Rxd5 $11 29. h3 Qc6 30. Qg3 Rd8 31. Qh4 (31. Kg1 {keeps more tension.} c4 32. Qh4 g5 33. Qh5) 31... Re8 32. Rxe8+ Qxe8 33. Qf2 c4 34. Be3 {[%emt 0:00:18] The position is equal.} Be4 35. Bd4 Bd5 36. Nd2 Qe6 37. Kg1 Kf7 38. Nf3 {[%emt 0:01:19] Ng5+ is the strong threat.} Kg8 39. Nd2 Kf7 40. Nf3 {[%emt 0:00:11] And now Ng5+ would win.} Kg8 {[%emt 0:00:40] Weighted Error Value: White=0.31/Black=0.37} 1/2-1/2

[Event "93rd German Championship 2022"]
[Site "Magdeburg"]
[Date "2022.08.16"]
[Round "4.2"]
[White "Langheinrich, Ferenc"]
[Black "Krassowizkij, Jaroslaw"]
[Result "1/2-1/2"]
[ECO "C44"]
[WhiteElo "2357"]
[BlackElo "2429"]
[Annotator "TA"]
[PlyCount "94"]
[EventDate "2022.08.14"]
[EventType "swiss"]
[EventCountry "GER"]
[SourceTitle "playchess.com"]
[Source "ChessBase"]
[SourceQuality "1"]
[TimeControl "40/5400+30:1800+30"]

1. e4 e5 2. Nf3 Nc6 3. g3 Nf6 4. d3 Bc5 5. Bg2 d5 6. exd5 Nxd5 7. O-O O-O 8. Nbd2 {[%emt 0:08:05] C44: Ponziani Opening and Scotch Gambit.} Re8 {[%emt 0:20:49] [#]} 9. Nb3 $146 ({Predecessor:} 9. Re1 f6 10. c3 Be6 11. Qc2 Bb6 12. Ne4 Qd7 13. Bd2 Bh3 14. Rad1 Bxg2 15. Kxg2 {1-0 (35) Praggnanandhaa,R (2608)-Maghsoodloo,P (2698) Chess.com INT 2021}) 9... Bf8 10. Nfd2 a5 11. a4 Ndb4 12. Ne4 Nd4 13. Nxd4 exd4 14. Nd2 c6 15. Nc4 Be6 16. h4 (16. Re1 $11 {feels stronger.}) 16... Bd5 (16... Bxc4 $15 {might be stronger.} 17. dxc4 d3) 17. Bxd5 $11 Nxd5 18. Bd2 {[%emt 0:03:46] [#]} (18. Re1 $11) 18... Bb4 (18... b5 $1 $17 19. axb5 cxb5) 19. Bxb4 Nxb4 20. Qd2 Qc7 21. Rfe1 h6 22. h5 Kf8 23. Rxe8+ Rxe8 24. Re1 Rxe1+ 25. Qxe1 Nxc2 26. Qxa5 Qxa5 27. Nxa5 {[%emt 0:00:06][%mdl 4096] Endgame KN-KN} b5 28. Nxc6 bxa4 29. Kf1 Ke8 $1 30. Ke2 {[%emt 0:01:40] Kd2 is the strong threat.} Kd7 31. Ne5+ Ke6 32. Nc6 Kd5 33. Na5 a3 34. bxa3 Nxa3 35. Nb3 Nc2 36. Kd2 Nb4 37. Ke2 Nc6 38. Nd2 Ne5 39. f4 Ng4 40. Nf3 Nf6 41. Ne5 Nxh5 42. Kf3 f5 43. g4 {[%emt 0:05:56] [#]} (43. Ng6 $1 $15) 43... fxg4+ (43... Nf6 $1 $17 44. gxf5 Kc5) 44. Kxg4 {[%emt 0:00:06] The position is equal.} Nf6+ 45. Kf5 Nh5 46. Kg4 $1 Nf6+ 47. Kf5 Nh5 {Weighted Error Value: White=0.13 (very precise) /Black=0.16 (very precise)} 1/2-1/2

[Event "93rd German Championship 2022"]
[Site "Magdeburg"]
[Date "2022.08.16"]
[Round "4.3"]
[White "Krastev, Alexander"]
[Black "Roseneck, Jonas"]
[Result "1-0"]
[ECO "C25"]
[WhiteElo "2428"]
[BlackElo "2384"]
[Annotator "TA"]
[PlyCount "123"]
[EventDate "2022.08.14"]
[EventType "swiss"]
[EventCountry "GER"]
[SourceTitle "playchess.com"]
[Source "ChessBase"]
[SourceQuality "1"]
[TimeControl "40/5400+30:1800+30"]

1. e4 e5 2. Nc3 Nc6 3. g3 Bc5 4. Bg2 Nf6 5. Nge2 d6 6. Na4 h5 {[%emt 0:04:44] C26: Vienna Game: 2...Nf6, sidelines .} 7. h3 a6 (7... h4 $11) 8. Nxc5 $14 dxc5 {[%emt 0:00:02] White is slightly better.} 9. d3 Be6 10. Be3 {[%emt 0:02:58] [#]} Qd6 $146 ({Predecessor:} 10... c4 11. d4 exd4 12. Nxd4 Nxd4 13. Qxd4 Qxd4 14. Bxd4 O-O-O 15. O-O-O Bd7 16. e5 Ng8 {1-0 (59) Blit,J (2331)-Vignesh,N (2428) Chess.com INT 2020}) 11. O-O (11. f4 $14) 11... h4 (11... Qd7 $5 ) 12. g4 Nd7 13. c3 O-O-O $1 14. Qc2 f6 (14... g6 $11) 15. Rad1 Nb6 (15... g5 $14) 16. a3 (16. b3 $16) 16... Qe7 (16... Na5 $14) 17. b4 $1 $16 cxb4 18. axb4 Kb8 19. Rb1 Rd7 20. b5 axb5 21. Rxb5 {[%emt 0:00:06] Threatens to win with c4.} Rhd8 ({Better is} 21... Qd6 $1 $14) 22. Nc1 (22. Bxb6 $16 cxb6 23. Rxb6) 22... Qa3 $14 23. Bxb6 cxb6 24. Rxb6 Rc7 {[%emt 0:06:43] [#]} (24... Rd6 $14) 25. Ne2 $1 $16 Bc8 26. Rfb1 {[%emt 0:01:51] Inhibits Nb4.} Nd4 27. Nxd4 Rxd4 28. R6b3 Qa5 29. c4 Rd6 30. Qb2 Ra6 31. Bf1 Qc5 32. Ra1 Rxa1 33. Qxa1 Rc6 34. Rb5 Qa7 (34... Qd6 $16) 35. Qb2 $18 Kc7 {[%emt 0:00:33] [#]} (35... Qa4 $142 36. d4 exd4) 36. Qb4 $1 g5 37. Qe7+ Kb8 38. Rd5 Qb6 39. Kg2 Qc7 40. Qf8 Ka7 (40... Qb6 {keeps fighting.} 41. Be2 Qa7) 41. Rd8 Kb8 42. Be2 Qa5 43. Bd1 Qa2 $2 (43... Qc5 44. Qxc5 Rxc5) 44. Qb4 Ra6 45. Qc5 Rc6 46. Qf8 {[%emt 0:00:00] Qe8 is the strong threat.} Qa1 (46... Qa5 $142 47. Bb3 Qc5 48. Qxc5 Rxc5) 47. Bb3 {[%emt 0:00:00] White is clearly winning.} Qa5 48. Qe8 Qc7 49. c5 {[%emt 0:00:00] Against Rb6} Ka7 50. Qf8 Rxc5 51. Qxf6 Rc6 52. Qxg5 Qb6 53. Bc4 Rf6 54. Qe3 (54. Rxc8 $2 {leads to mate.} Qxf2+ 55. Kh1 Qe1+ 56. Kh2 Rf2#) 54... Qxe3 55. fxe3 {[%emt 0:00:01][%mdl 4096] Endgame KRB-KRB} Kb8 56. Rh8 Kc7 57. Rxh4 Bd7 58. Rh5 b5 59. Bd5 Ra6 60. Rxe5 Ra3 61. g5 {[%emt 0:01:06][%cal Bg4g5,Bg5g6][%mdl 32] And now g6 would win.} Rxd3 62. g6 {[%emt 0:00:17] Weighted Error Value: White=0.23 (precise) /Black=0.30} 1-0

[Event "93rd German Championship 2022"]
[Site "Magdeburg"]
[Date "2022.08.16"]
[Round "4.4"]
[White "Bethke, Richard"]
[Black "Parvanyan, Ashot"]
[Result "0-1"]
[ECO "C50"]
[WhiteElo "2357"]
[BlackElo "2424"]
[Annotator "TA"]
[PlyCount "42"]
[EventDate "2022.08.14"]
[EventType "swiss"]
[EventCountry "GER"]
[SourceTitle "playchess.com"]
[Source "ChessBase"]
[SourceQuality "1"]
[TimeControl "40/5400+30:1800+30"]

1. e4 e5 2. Nf3 Nc6 3. Bc4 Bc5 4. O-O Nf6 5. d3 O-O 6. a4 {[%emt 0:00:04] C50: Hungarian Defence and Giuoco Pianissimo.} a5 7. Nbd2 d6 8. c3 {[%emt 0:00:14] The position is equal.} Be6 9. Bb5 {[%emt 0:02:30] [#]} Ba7 $146 ({Predecessor:} 9... Bd7 10. h3 Ne7 11. Bc4 Ng6 12. Re1 c6 13. d4 exd4 14. cxd4 Bb4 15. Qb3 d5 16. exd5 cxd5 17. Bxd5 Nxd5 18. Qxd5 {½-½ (36) Yilmaz,M (2607)-Erdos,V (2621) Chess.com INT 2020}) 10. h3 Ne7 11. d4 c6 12. Bd3 Ng6 13. Re1 Nh5 14. Nc4 Nhf4 {[%emt 0:03:24] Against d5} 15. dxe5 (15. Bf1 $11 {keeps the balance.}) 15... dxe5 $17 16. Ncxe5 (16. Bf1 $17) 16... Nxe5 $19 ({And not} 16... Qb6 17. Be3 Qxb2 18. Rb1 Qxc3 19. Nxg6 fxg6 20. Bxf4 Rxf4 21. Rxb7 $11) 17. Nxe5 {[%emt 0:00:26] [#]} Qh4 $40 {[%emt 0:01:40][%mdl 128] Black has strong attack.} 18. Qf3 {[%emt 0:15:04] [#]} (18. Bxf4 {is the only way for White.} Bxf2+ 19. Kh1 Bxe1 20. Qf3) 18... Ng6 $1 19. Nxc6 bxc6 20. e5 Bd5 21. Qf5 Qg3 {[%emt 0:02:29] Weighted Error Value: White=0.49/Black=0.02 (flawless)} 0-1

[Event "93rd German Championship 2022"]
[Site "Magdeburg"]
[Date "2022.08.16"]
[Round "4.5"]
[White "Feidt, Jonas"]
[Black "Becker, Michael"]
[Result "1/2-1/2"]
[ECO "A37"]
[WhiteElo "1901"]
[BlackElo "2282"]
[Annotator "TA"]
[PlyCount "155"]
[EventDate "2022.08.14"]
[EventType "swiss"]
[EventCountry "GER"]
[SourceTitle "playchess.com"]
[Source "ChessBase"]
[SourceQuality "1"]
[TimeControl "40/5400+30:1800+30"]

1. c4 c5 2. g3 Nc6 3. Bg2 g6 4. Nf3 Bg7 5. Nc3 d6 6. O-O e5 7. a3 a5 8. d3 Nge7 9. Bg5 {[%emt 0:03:44] A37: Symmetrical English vs ...g6: 4 Bg2 Bg7 5 Nf3.} f6 10. Bd2 Be6 11. Ne1 {[%emt 0:01:41] [#]} d5 $146 ({Predecessor:} 11... O-O 12. Nc2 Kh8 13. Ne3 Bg8 14. Ned5 Nxd5 15. Nxd5 a4 16. Nc3 Qa5 17. Nd5 Qd8 18. Nc3 Qa5 19. Nd5 Qd8 {½-½ (19) Di Berardino,D (2471)-Fier,A (2563) Cuiaba 2021}) 12. cxd5 Nxd5 13. Qb3 Nc7 (13... Nd4 {is more complex.} 14. Qxb7 Nc7 15. Na4 Nxe2+ 16. Kh1 O-O) 14. Bxc6+ (14. Qb6 {with more complications.} O-O 15. Bxc6 bxc6 16. Qxc5 Bh3 17. Ng2) 14... bxc6 15. Qb6 O-O 16. Qxc5 Ra6 17. Nf3 (17. Ne4 {looks sharper.} Nb5 18. Nf3 f5 19. Neg5) 17... Rf7 18. Ne4 Nd5 (18... Bf8 $14 19. Qc2 a4) 19. Qc2 Bg4 20. Nc5 (20. Qc4 $142 Bc8 21. Rfc1) 20... Ra8 $16 21. Rfd1 Bf8 22. Be3 ({White should try} 22. Rac1 $16) 22... Nxe3 $11 23. fxe3 Qd5 24. Ne4 Rb8 25. Nc3 Qe6 {[%emt 0:06:55][%mdl 1024] Black has compensation.} 26. d4 (26. Rf1 $11) 26... Bh6 (26... exd4 $17 27. exd4 Rfb7) 27. e4 $15 Be3+ 28. Kg2 (28. Kh1 $142) 28... Bh3+ {[%emt 0:16:06] A strong pair of Bishops.} (28... Bxf3+ $17 29. exf3 exd4) 29. Kh1 $11 exd4 30. Nxd4 Qc4 31. Nf3 Re7 32. Rab1 f5 33. Qd3 Qc5 (33... Qxd3 $11 {and Black has nothing to worry.} 34. Rxd3 fxe4 35. Rxe3 exf3 36. Rxe7 f2) 34. e5 (34. b4 $1 $18 {[%cal Rb4c5] is the precise move to win.} axb4 35. axb4) 34... Rbe8 $2 (34... Bg4 $16) 35. b4 $1 $18 ({Less strong is} 35. Na4 Qa7 $16) 35... axb4 36. axb4 Qb6 37. Na4 Qa7 {[%emt 0:00:07] [#]} 38. Nc5 {[%emt 0:01:34] Really sharp!} (38. Ra1 $1 $18) 38... Bxc5 $16 39. Qc4+ ({Of course not} 39. bxc5 $6 Qxc5 40. Qd4 Qxd4 41. Rxd4 Bg4 $11) 39... Kg7 {[%emt 0:00:42] [#]} (39... Kh8 $142) 40. bxc5 (40. Ra1 $142 $1 Qb8 41. Qxc5 (41. bxc5 Bg4 $14)) 40... Bg4 41. Qc3 {[%emt 0:11:31] Threatens to win with e6+. White is more active.} Qa2 42. Rb2 Qa4 43. Rdb1 ({White should play} 43. Rd6 $16) 43... Qe4 $11 44. Kg1 Bxf3 {[%emt 0:02:21][%mdl 64] Remove Defender} 45. exf3 Qxe5 46. Qxe5+ Rxe5 {[%emt 0:00:04][%mdl 4096] Endgame KRR-KRR} 47. Rc2 Re1+ 48. Rxe1 Rxe1+ {[%emt 0:00:07] KR-KR} 49. Kf2 Re5 50. f4 Rd5 51. Kf3 Kf6 52. Ke3 h6 53. h4 g5 54. hxg5+ hxg5 55. fxg5+ Kxg5 56. Kf3 Rd3+ 57. Kg2 Kf6 58. Kf2 Kg5 59. Rc4 Rd5 60. Kf3 Kf6 61. Kf4 Rd1 62. g4 fxg4 63. Kxg4 Ke5 {[%emt 0:00:13] White must now prevent ...Rd4+.} 64. Kf3 $1 Kd5 65. Rc2 Rh1 66. Ke3 {[%emt 0:00:52] The position is equal.} Ra1 67. Kd3 Ra3+ 68. Kd2 Kd4 69. Rb2 Rd3+ 70. Kc2 Rc3+ 71. Kd2 Rxc5 72. Rb8 Rh5 73. Rg8 Rh2+ 74. Kc1 c5 75. Rg7 c4 76. Rg3 c3 77. Rg8 Kd3 {[%emt 0:01:20] ( -> ...Rh1+)} 78. Rd8+ {Black defended with fortune.  Weighted Error Value: White=0.25 (precise) /Black=0.33} 1/2-1/2

[Event "93rd German Championship 2022"]
[Site "Magdeburg"]
[Date "2022.08.16"]
[Round "4.6"]
[White "Poetsch, Hagen"]
[Black "Richter, Nils"]
[Result "1-0"]
[ECO "B12"]
[WhiteElo "2500"]
[BlackElo "2328"]
[Annotator "TA"]
[PlyCount "45"]
[EventDate "2022.08.14"]
[EventType "swiss"]
[EventCountry "GER"]
[SourceTitle "playchess.com"]
[Source "ChessBase"]
[SourceQuality "1"]
[TimeControl "40/5400+30:1800+30"]

1. e4 c6 2. d4 d5 3. e5 c5 4. c3 Nc6 5. Be2 Bf5 6. Nf3 e6 7. O-O Bg6 8. a3 {[%emt 0:00:42] B12: Caro-Kann: Advance Variation.} cxd4 9. cxd4 Nge7 10. Nc3 {[%emt 0:01:24] White has an edge.} Nf5 11. h3 {[%emt 0:07:11] [#]} h5 $146 ({Predecessor:} 11... a6 12. b3 Be7 13. Bb2 b5 14. a4 b4 15. Na2 O-O 16. Bd3 Qb6 17. Rc1 Rfc8 {½-½ (25) Babic,D (2475)-Mercadal Benejam,J (2402) ICCF email 2018}) 12. Bd3 h4 13. Bg5 Be7 14. Bxe7 Qxe7 (14... Ncxe7 $11 {remains equal.} 15. Qa4+ Kf8) 15. Qd2 $16 O-O-O (15... O-O $142) 16. Bb5 Na5 ({Better is} 16... Qc7) 17. Ne2 ({Much worse is} 17. Nxd5 $6 Rxd5 18. Qxa5 Kb8 $11) 17... Nc4 18. Rac1 {[%emt 0:01:33] Hoping for b3.} Kb8 19. Bxc4 dxc4 {[%emt 0:00:07] [#]} 20. Nf4 $1 ({But not} 20. Rxc4 Bh5 $14) 20... Nxd4 (20... Bh5 $16 {might work better.} 21. Nxh5 (21. Rxc4 Bxf3 22. gxf3 Qg5+ 23. Kh1 Rd7 $11) 21... Rxh5 22. Rxc4 Rhh8) 21. Nxd4 $18 {[%emt 0:00:12] White has a decisive advantage.} Bd3 22. Nxd3 Rxd4 23. Qb4 {[%emt 0:00:19] Weighted Error Value: White=0.09 (flawless) /Black=0.29 (precise)} 1-0

[Event "93rd German Championship 2022"]
[Site "Magdeburg"]
[Date "2022.08.16"]
[Round "4.7"]
[White "Keller, Peter"]
[Black "Vogel, Roven"]
[Result "0-1"]
[ECO "B52"]
[WhiteElo "2377"]
[BlackElo "2459"]
[Annotator "TA"]
[PlyCount "90"]
[EventDate "2022.08.14"]
[EventType "swiss"]
[EventCountry "GER"]
[SourceTitle "playchess.com"]
[Source "ChessBase"]
[SourceQuality "1"]
[TimeControl "40/5400+30:1800+30"]

1. e4 c5 2. Nf3 d6 3. Bb5+ Bd7 4. c4 a6 5. Bxd7+ Nxd7 6. Nc3 {[%emt 0:00:12] B52: Sicilian: Moscow Variation with 3...Bd7.} Ngf6 7. O-O Rc8 8. d3 {[%emt 0:00:47] The position is equal.} e6 {[%emt 0:01:07] [#]} 9. Kh1 $146 ({Predecessor:} 9. a3 g6 10. Bf4 Qc7 11. Qd2 h6 12. h3 Bg7 13. Rac1 e5 14. Be3 Nf8 15. b4 {1-0 (21) Govedarica,R (2289)-Martin Duque,J (2449) Veliko Gradiste 2021}) 9... Be7 10. Ng1 Ne5 11. f4 Nc6 12. Nge2 O-O 13. Qe1 Nd7 14. Qg3 Bf6 15. Qh3 Bd4 16. Bd2 Qe7 17. Rab1 Bf6 18. a3 Rb8 19. b4 cxb4 20. axb4 b5 21. c5 Bxc3 (21... dxc5 {looks sharper.} 22. e5 cxb4 23. Ne4 Bxe5 24. fxe5 Ndxe5 25. Qg3 f6) 22. cxd6 Qxd6 23. Bxc3 f6 24. Qg4 Rf7 25. d4 (25. Rfc1 $11) 25... f5 $15 26. exf5 exf5 27. Qg5 (27. Qh3 $142) 27... h6 28. Qg3 Nf6 {[%emt 0:01:39] Black is more active.} 29. d5 Qxd5 ({Not} 29... Nxd5 30. Be5 Nxe5 31. fxe5 $15) 30. Bxf6 (30. Rfd1 $142 Qe6 31. Qf3) 30... Rxf6 $17 31. Rbd1 (31. Qa3 $142) 31... Qe6 32. Rfe1 (32. Nd4 $142 Qc4 33. Nxc6 Rxc6 34. Qd3) 32... Nxb4 $19 33. Nd4 Qf7 34. Nf3 {[%emt 0:01:08] [#] And now Ne5 would win.} Nc6 35. Ne5 Nxe5 36. fxe5 Re6 37. Rd5 Rbe8 38. h3 Rg6 39. Qd3 {[%emt 0:00:23] [#]} Rg3 $3 40. Qd4 (40. Qd2 f4) 40... f4 {[%emt 0:01:36] Hoping for ...f3.} 41. Kh2 Re3 42. Rc1 (42. Rxe3 fxe3 43. Rd8) 42... Re2 {[%emt 0:01:03] ( -> ...Qg6)} 43. Rd7 Qg6 44. Qd5+ Kh7 45. Kh1 $2 (45. Qf3 R8xe5 46. Rcc7 Qg3+ 47. Qxg3 fxg3+ 48. Kxg3 Rg5+ 49. Kf4) 45... R8xe5 {[%emt 0:01:20] Weighted Error Value: White=0.33/Black=0.10 (very precise)} 0-1